 Dungeon Crawl Stone Soup version 0.21.0 (webtiles) character file.

6347 Jerry the Covered (level 10, -2/118 HPs)
             Began as a Gnoll Wanderer on Jan 6, 2018.
             Was an Initiate of Dithmenos.
             Slain by a wyvern (10 damage)
             ... on level 8 of the Dungeon on Jan 7, 2018.
             The game lasted 00:43:23 (12554 turns).

Jerry the Covered (Gnoll Wanderer)                 Turns: 12554, Time: 00:43:24

Health: -2/118     AC: 25    Str: 16    XL:     10   Next: 96%
Magic:  6/18       EV:  2    Int: 15    God:    Dithmenos [......]
Gold:   104        SH:  0    Dex: 16    Spells: 14/20 levels left

rFire    . . .     SeeInvis .   a - +3 spear
rCold    . . .     Gourm    .   (no shield)
rNeg     + + +     Faith    .   (armour currently unavailable)
rPois    +         Spirit   .   (helmet currently unavailable)
rElec    .         Reflect  .   (cloak currently unavailable)
rCorr    .         Harm     .   (gloves currently unavailable)
MR       .....     NoTele   +   (boots currently unavailable)
Stlth    +++.......             (no amulet)
HPRegen  0.29/turn              (no ring)
MPRegen  0.16/turn              s - ring of flight

@: tree-form
A: distributed training, strong nose
a: Renounce Religion


You were on level 8 of the Dungeon.
You worshipped Dithmenos.
Dithmenos was noncommittal.
You were very hungry.
You were a tree.
You visited 2 branches of the dungeon, and saw 10 of its levels.
You also visited: Sewer.

You collected 409 gold pieces.
You spent 305 gold pieces at shops.

Inventory:

Hand Weapons
 a - a +3 spear (weapon)
 v - a +0 halberd
Armour
 j - a +0 shield
 m - a +0 hat of intelligence (melded)
 t - a +1 chain mail
 y - the cursed +1 robe "Ofificro" (melded) {Str+4}
   (You found it on level 8 of the Dungeon)

   It affects your strength (+4).
   It has a curse placed upon it.
 F - the +2 ratskin cloak (melded) {+Rats rPois rN+ Str-1 Int-1 Dex+1}
   (You bought it in a shop on level 8 of the Dungeon)

   It affects your strength (-1).
   It affects your intelligence (-1).
   It affects your dexterity (+1).
   It protects you from poison.
   It protects you from negative energy.
Jewellery
 s - a ring of flight (right branch)
Wands
 x - a wand of paralysis (14)
 C - a wand of iceblast (8)
Scrolls
 e - a scroll of amnesia
 l - 2 scrolls of identify
 o - 3 scrolls of enchant armour
 q - 3 scrolls of teleportation
 r - a scroll of noise {unknown}
 u - 2 scrolls of enchant weapon
 B - 2 scrolls of remove curse
 D - a scroll of fear
Potions
 c - 6 potions of curing
 g - 2 potions of might {unknown}
 h - 6 potions of heal wounds {unknown}
 k - a potion of magic {unknown}
 n - 2 potions of brilliance {unknown}
 p - 3 potions of flight
 E - 2 potions of ambrosia {unknown}
Books
 d - a book of Clouds

   Spells                             Type                      Level
   a - Poisonous Vapours              Poison/Air                   2
   b - Mephitic Cloud                 Conjuration/Poison/Air       3
   c - Conjure Flame                  Conjuration/Fire             3
   d - Freezing Cloud                 Conjuration/Ice/Air          6
   e - Ring of Flames                 Charms/Fire                  7
 z - a book of Cantrips

   Spells                             Type                      Level
   a - Confusing Touch                Hexes                        1
   b - Animate Skeleton               Necromancy                   1
   c - Summon Small Mammal            Summoning                    1
   d - Apportation                    Translocation                1
Comestibles
 f - 18 rations


   Skills:
 + Level 7.3 Fighting
 + Level 5.6 Short Blades
 + Level 5.6 Long Blades
 + Level 5.6 Axes
 + Level 5.6 Maces & Flails
 + Level 7.3 Polearms
 + Level 5.6 Staves
 + Level 5.6 Slings
 + Level 5.6 Bows
 + Level 5.6 Crossbows
 + Level 7.3 Throwing
 + Level 7.3 Armour
 + Level 6.3 Dodging
 + Level 6.2 Stealth
 + Level 5.6 Shields
 + Level 5.6 Unarmed Combat
 + Level 5.6 Spellcasting
 + Level 4.6 Conjurations
 + Level 4.6 Hexes
 + Level 4.6 Charms
 + Level 4.6 Summonings
 + Level 4.6 Necromancy
 + Level 4.6 Translocations
 + Level 4.6 Transmutations
 + Level 4.6 Fire Magic
 + Level 4.6 Ice Magic
 + Level 4.6 Air Magic
 + Level 4.6 Earth Magic
 + Level 4.6 Poison Magic
 + Level 6.2 Invocations
 + Level 5.6 Evocations


You had 14 spell levels left.
You knew the following spells:

 Your Spells              Type           Power        Failure   Level  Hunger
a - Animate Skeleton      Necr           N/A          2%          1    None
b - Summon Small Mammal   Summ           ###.         2%          1    None
c - Apportation           Tloc           ###...       2%          1    None
d - Mephitic Cloud        Conj/Pois/Air  ###.....     7%          3    ###....


Dungeon Overview and Level Annotations

Branches:
Dungeon (9/15)             Temple (1/1) D:6
   Lair: D:8-11         Orc: D:9-12

Altars:
Ashenzari
Cheibriados
Dithmenos
Elyvilon
Fedhas
Gozag
Hepliaklqana
Kikubaaqudgha
Makhleb
Nemelex Xobeh
Okawaru
Qazlal
Ru
Sif Muna
Trog
Uskayaw
Vehumet
Wu Jian
Xom
Yredelemnul
Zin
The Shining One

Shops:
D:6 :   D:7 =   D:8 [%(


Innate Abilities, Weirdness & Mutations

Your experience applies equally to all skills.
((You have very sharp teeth.))
Your uncanny sense of smell can sniff out nearby items.


Message History

You hit the wyvern.
The wyvern is lightly wounded.
The wyvern bites you but does no damage.
You barely miss the wyvern.
The wyvern is lightly wounded.
The wyvern barely misses you.
You closely miss the wyvern.
The wyvern is lightly wounded.
The wyvern barely misses you.
You barely miss the wyvern.
The wyvern is lightly wounded.
The wyvern bites you but does no damage.
You hit the wyvern.
The wyvern is lightly wounded.
The wyvern bites you but does no damage.
The wyvern barely misses you.
You completely miss the wyvern.
The wyvern is lightly wounded.
The wyvern bites you!
You die...

.# #.# ##..##..........# .#
#.# #...))..........# §# #.#
#....[#.############# ≈#
#.####.....#.##..........# ≈#
#....#.....#.##..........# ≈#
####.#.#####.##..........#
≈## #.#.# #.##..........#
..#####.#.#####(##..........#
.............(..♣l..>.......#
#.#######..#######..........#
#..# #..# #..........# ##.##
#..# #..........# ##..# #..#
#..........# ###.## #(.#
###......### ###..####..#
######## .........(.#
####..####.############


You could see a wyvern.

Vanquished Creatures
  Gastronok (D:8)
  A two-headed ogre (D:8)
  The ghost of sour the Basher, a novice GrFi of the Shining One (D:4)
  A hog (D:7)
  The ghost of Vifid the Charmwright, an amateur GnSk (D:5)
  A human (D:7)
  2 orc warriors
  Purgy (D:3)
  3 ice beasts
  2 black bears
  An eye of draining (D:9)
  A phantom (D:4)
  An ogre (D:8)
  2 centaurs (D:8)
  6 bullfrogs
  3 scorpions
  6 hounds
  3 jellies
  A centaur skeleton (D:8)
  4 orc priests
  A bullfrog skeleton (D:8)
  4 worker ants
  2 iguanas
  7 orc wizards
  A hound zombie (D:8)
  A hound skeleton (D:6)
  A worker ant zombie (D:4)
  3 gnolls (D:3)
  17 adders
  4 shadow imps
  15 oozes
  An adder skeleton (D:4)
  2 adder zombies
  6 worms
  21 leopard geckos
  23 orcs
  22 giant cockroaches
  4 goblins
  10 hobgoblins
  4 jackals (D:6)
  12 kobolds
  3 quokkas
  17 ball pythons (Sewer)
  12 bats
  15 frilled lizards
  A quokka skeleton (D:8)
  11 rats
262 creatures vanquished.

Vanquished Creatures (collateral kills)
  A two-headed ogre (D:8)
  An ogre (D:8)
  A scorpion (D:8)
  An orc wizard (D:8)
  A hound skeleton (D:8)
  4 orcs (D:8)
9 creatures vanquished.

Grand Total: 271 creatures vanquished

Notes
Turn   | Place    | Note
-------+----------+-------------------------------------------
     0 | D:1      | Jerry the Gnoll Wanderer began the quest for the Orb.
     0 | D:1      | Jerry set off with: a +2 spear, a potion of lignification, a potion of curing, a +0 robe, a ration
     0 | D:1      | Reached XP level 1. HP: 20/20 MP: 1/1
    78 | D:1      | Reached XP level 2. HP: 12/26 MP: 2/2
   524 | D:1      | Reached XP level 3. HP: 29/31 MP: 3/3
  1002 | D:2      | Reached skill level 1 in Invocations
  1099 | D:2      | Reached skill level 1 in Short Blades
  1099 | D:2      | Reached skill level 1 in Long Blades
  1099 | D:2      | Reached skill level 1 in Axes
  1099 | D:2      | Reached skill level 1 in Maces & Flails
  1099 | D:2      | Reached skill level 1 in Staves
  1099 | D:2      | Reached skill level 1 in Slings
  1099 | D:2      | Reached skill level 1 in Bows
  1099 | D:2      | Reached skill level 1 in Crossbows
  1099 | D:2      | Reached skill level 1 in Shields
  1099 | D:2      | Reached skill level 1 in Unarmed Combat
  1099 | D:2      | Reached skill level 1 in Spellcasting
  1099 | D:2      | Reached skill level 1 in Evocations
  1138 | D:2      | Reached XP level 4. HP: 36/38 MP: 5/5
  1557 | D:2      | Reached skill level 1 in Conjurations
  1557 | D:2      | Reached skill level 1 in Hexes
  1557 | D:2      | Reached skill level 1 in Charms
  1557 | D:2      | Reached skill level 1 in Summonings
  1557 | D:2      | Reached skill level 1 in Necromancy
  1557 | D:2      | Reached skill level 1 in Translocations
  1557 | D:2      | Reached skill level 1 in Transmutations
  1557 | D:2      | Reached skill level 1 in Fire Magic
  1557 | D:2      | Reached skill level 1 in Ice Magic
  1557 | D:2      | Reached skill level 1 in Air Magic
  1557 | D:2      | Reached skill level 1 in Earth Magic
  1557 | D:2      | Reached skill level 1 in Poison Magic
  2053 | D:3      | Reached XP level 5. HP: 40/43 MP: 6/6
  2749 | D:3      | Found a glowing silver altar of Zin.
  2750 | D:3      | Found an opulent altar of Gozag.
  2857 | D:4      | Noticed a phantom
  3063 | D:4      | Noticed sour's ghost (novice GrFi)
  3203 | D:3      | Reached XP level 6. HP: 18/50 MP: 8/8
  3456 | D:4      | Noticed a phantom
  3929 | D:4      | Found an ancient bone altar of Kikubaaqudgha.
  3931 | D:4      | Found a blossoming altar of Fedhas.
  4005 | D:4      | Reached skill level 5 in Fighting
  4005 | D:4      | Reached skill level 5 in Polearms
  4005 | D:4      | Reached skill level 5 in Throwing
  4005 | D:4      | Reached skill level 5 in Armour
  4113 | D:4      | Noticed Purgy
  4166 | D:3      | Killed Purgy
  4166 | D:3      | Reached XP level 7. HP: 56/56 MP: 10/10
  4310 | D:4      | Killed sour's ghost
  4933 | D:4      | Reached XP level 8. HP: 52/63 MP: 12/12
  5075 | D:5      | Entered Level 5 of the Dungeon
  5201 | D:5      | Noticed Vifid's ghost (amateur GnSk)
  5247 | D:5      | Killed Vifid's ghost
  5490 | D:5      | Found an iron altar of Okawaru.
  5580 | D:5      | Found a glowing drain.
  5606 | Sewer    | Entered a sewer
  6994 | D:6      | Found Cuhitz's Book Shop.
  7521 | D:6      | Reached XP level 9. HP: 65/69 MP: 14/14
  7871 | D:6      | Found a staircase to the Ecumenical Temple.
  7879 | Temple   | Entered the Ecumenical Temple
  7989 | Temple   | Upgraded the game from 0.21-b1-23-g1fb0a74c36 to 0.21.0
  8694 | D:7      | Found Niyl's Jewellery Boutique.
  9279 | D:7      | HP: 3/69 [hog (4)]
  9696 | D:7      | Reached skill level 5 in Dodging
  9707 | D:7      | Reached skill level 5 in Stealth
  9961 | D:8      | Got a distressingly furry robe
  9988 | D:8      | Identified the cursed +1 robe "Ofificro" {Str+4} (You found it on level 8 of the Dungeon)
  9993 | D:8      | Learned a level 1 spell: Animate Skeleton
  9995 | D:8      | Learned a level 1 spell: Summon Small Mammal
  9997 | D:8      | Learned a level 1 spell: Apportation
 10477 | D:8      | Reached skill level 5 in Invocations
 10773 | D:8      | Noticed a two-headed ogre
 10780 | D:8      | Killed a two-headed ogre
 10780 | D:8      | Reached XP level 10. HP: 77/77 MP: 15/17
 10840 | D:8      | Found a hazy altar of Hepliaklqana.
 11142 | D:8      | Noticed Gastronok
 11144 | D:8      | Found a deep blue altar of Sif Muna.
 11173 | D:8      | HP: 3/77 [Gastronok/the air (21)]
 11184 | D:8      | Killed Gastronok
 11184 | D:8      | Reached skill level 5 in Short Blades
 11184 | D:8      | Reached skill level 5 in Long Blades
 11184 | D:8      | Reached skill level 5 in Axes
 11184 | D:8      | Reached skill level 5 in Maces & Flails
 11184 | D:8      | Reached skill level 5 in Staves
 11184 | D:8      | Reached skill level 5 in Slings
 11184 | D:8      | Reached skill level 5 in Bows
 11184 | D:8      | Reached skill level 5 in Crossbows
 11184 | D:8      | Reached skill level 5 in Shields
 11184 | D:8      | Reached skill level 5 in Unarmed Combat
 11184 | D:8      | Reached skill level 5 in Spellcasting
 11184 | D:8      | Reached skill level 5 in Evocations
 11185 | D:8      | Found a shadowy altar of Dithmenos.
 11185 | D:8      | Found a snail-covered altar of Cheibriados.
 11495 | D:8      | Became a worshipper of Dithmenos the Shadowed
 11601 | D:8      | Noticed a two-headed ogre
 11616 | D:8      | Found Derobog's Weapon Shoppe.
 11648 | D:8      | Found Raikurph's Food Shop.
 11663 | D:8      | Found Ziulum's Armour Shoppe.
 11681 | D:8      | Bought the +2 ratskin cloak {+Rats rPois rN+ Str-1 Int-1 Dex+1} for 305 gold pieces
 11681 | D:8      | Found the +2 ratskin cloak {+Rats rPois rN+ Str-1 Int-1 Dex+1}
 11707 | D:8      | Learned a level 3 spell: Mephitic Cloud
 11840 | D:8      | Killed a two-headed ogre
 12500 | D:9      | Paralysed by an orc warrior for 2 turns
 12540 | D:8      | HP: 5/118 [ice beast (9)]
 12554 | D:8      | Slain by a wyvern

Skill      XL: |  1  2  3  4  5  6  7  8  9 10 |
---------------+-------------------------------+-----
Invocations    | 1 2 3 4 5 6 |  6.2
Short Blades   | 1 2 3 4 5 |  5.6
Long Blades    | 1 2 3 4 5 |  5.6
Axes           | 1 2 3 4 5 |  5.6
Maces & Flails | 1 2 3 4 5 |  5.6
Staves         | 1 2 3 4 5 |  5.6
Slings         | 1 2 3 4 5 |  5.6
Bows           | 1 2 3 4 5 |  5.6
Crossbows      | 1 2 3 4 5 |  5.6
Shields        | 1 2 3 4 5 |  5.6
Unarmed Combat | 1 2 3 4 5 |  5.6
Spellcasting   | 1 2 3 4 5 |  5.6
Evocations     | 1 2 3 4 5 |  5.6
Conjurations   | 1 2 3 4 |  4.6
Hexes          | 1 2 3 4 |  4.6
Charms         | 1 2 3 4 |  4.6
Summonings     | 1 2 3 4 |  4.6
Necromancy     | 1 2 3 4 |  4.6
Translocations | 1 2 3 4 |  4.6
Transmutations | 1 2 3 4 |  4.6
Fire Magic     | 1 2 3 4 |  4.6
Ice Magic      | 1 2 3 4 |  4.6
Air Magic      | 1 2 3 4 |  4.6
Earth Magic    | 1 2 3 4 |  4.6
Poison Magic   | 1 2 3 4 |  4.6
Dodging        | 3 4 5 6 |  6.3
Stealth        | 3 4 5 6 |  6.2
Fighting       | 5 6 7 |  7.3
Polearms       | 5 6 7 |  7.3
Throwing       | 5 6 7 |  7.3
Armour         | 5 6 7 |  7.3

Action                   |  1- 3 |  4- 6 |  7- 9 | 10-12 || total
-------------------------+-------+-------+-------+-------++-------
Melee: Spear             |    99 |   241 |   790 |   195 ||  1325
       Bite              |     7 |    21 |   105 |    31 ||   164
       Punch             |       |       |    11 |     5 ||    16
Throw: Throwing net      |       |       |     2 |       ||     2
 Cast: Summon Small Mamm |       |       |     4 |       ||     4
       Animate Skeleton  |       |       |     3 |     9 ||    12
Evoke: Wand              |       |       |     3 |       ||     3
  Use: Scroll            |       |     9 |     6 |     1 ||    16
       Potion            |       |     1 |     2 |     1 ||     4
 Stab: Sleeping          |     6 |     6 |       |     4 ||    16
       Held in net/web   |       |       |     1 |       ||     1
       Paralysed         |       |       |     5 |       ||     5
       Fleeing           |       |       |       |     1 ||     1
  Eat: Chunk             |     1 |     6 |    19 |     4 ||    30
       Ration            |       |     1 |     1 |       ||     2
Armor: Robe              |    12 |     6 |    11 |    14 ||    43
       Chain mail        |       |    52 |   266 |       ||   318
       Skin              |       |    48 |     8 |    10 ||    66
Dodge: Dodged            |    41 |    85 |   293 |    70 ||   489
